 Dungeon Crawl Stone Soup version 0.20.1-1-g8b1a95d (webtiles) character file.

262 letownia2 the Grave Robber (level 5, -1/44 HPs)
             Began as a Deep Dwarf Necromancer on Nov 29, 2017.
             Was an Initiate of Gozag.
             Slain by a centaur zombie (4 damage)
             ... in an ossuary.
             The game lasted 00:08:17 (2049 turns).

letownia2 the Grave Robber (Deep Dwarf Necromancer) Turns: 2049, Time: 00:08:18

Health: -1/44      AC:  5    Str: 12    XL:     5   Next: 97%
Magic:  8/8        EV: 11    Int: 16    God:    Gozag
Gold:   217        SH:  0    Dex: 13    Spells: 4/8 levels left

rFire    . . .     SeeInvis .   d - +0 hand crossbow
rCold    . . .     Gourm    .   (no shield)
rNeg     . . .     Faith    .   k - +0 ring mail
rPois    .         Spirit   .   (no helmet)
rElec    .         Reflect  .   (no cloak)
rCorr    +         Harm     .   (no gloves)
MR       .....     Rnd*Tele +   (no boots)
Stlth    +.........             (no amulet)
Regen    0.0/turn               z - ring of teleportation (curse)
MPRegen  0.2/turn               j - ring of resist corrosion

@: non-regenerating
A: damage resistance, heal wounds, sense surroundings 1, no regeneration
a: Heal Wounds, Potion Petition, Call Merchant, Bribe Branch, Renounce Religion


You were in an ossuary.
You worshipped Gozag.
Gozag was aware of your devotion.
You were not hungry.

You visited 2 branches of the dungeon, and saw 5 of its levels.
You also visited: Ossuary.

You collected 294 gold pieces.
You paid 77 gold pieces to Gozag.

Inventory:

Hand Weapons
 a - a +0 dagger
 b - a +0 war axe
 d - a +0 hand crossbow (weapon)
Missiles
 y - a bolt (quivered)
Armour
 h - a +0 robe
 k - a +0 ring mail (worn)
 u - a +0 leather armour
Jewellery
 j - a ring of resist corrosion (right hand)
 z - a cursed ring of teleportation (left hand)
Scrolls
 f - 2 scrolls of remove curse {unknown}
 p - 2 scrolls of identify {unknown}
 s - 2 scrolls of enchant weapon {unknown}
 t - a scroll of enchant armour {unknown}
 x - 3 scrolls of immolation {unknown}
Potions
 e - a potion of haste {unknown}
 g - a potion of cancellation {unknown}
 i - a potion of lignification {unknown}
 l - 2 potions of brilliance {unknown}
 m - 2 potions of berserk rage {unknown}
 n - a potion of curing {unknown}
 o - a potion of invisibility {unknown}
 q - a potion of flight {unknown}
 r - 2 potions of agility {unknown}
 w - a potion of heal wounds {unknown}
Books
 v - a book of Necromancy

   Spells                             Type                      Level
   a - Pain                           Necromancy                   1
   b - Animate Skeleton               Necromancy                   1
   c - Vampiric Draining              Necromancy                   3
   d - Regeneration                   Charms/Necromancy            3
   e - Animate Dead                   Necromancy                   4
   f - Control Undead                 Necromancy                   4
Comestibles
 c - 2 bread rations


   Skills:
 + Level 1.0 Fighting
 + Level 0.9 Crossbows
 - Level 2.1 Dodging
 - Level 2.4 Stealth
 - Level 2.1 Spellcasting
 - Level 7.5 Necromancy


You had 4 spell levels left.
You knew the following spells:

 Your Spells              Type           Power        Failure   Level  Hunger
a - Pain                  Necr           ####         2%          1    #......
v - Vampiric Draining     Necr           ####......   6%          3    ###....


Dungeon Overview and Level Annotations

Branches:
Dungeon (4/15)             Temple (1/1) D:4

Altars:
Ashenzari
Fedhas
Gozag
Kikubaaqudgha
Nemelex Xobeh
Okawaru
Ru
Uskayaw
Vehumet
Xom
The Shining One

Annotations:
D:2 Sigmund
D:3 kalagan's ghost, amateur DEFE


Innate Abilities, Weirdness & Mutations

You are resistant to damage.
You can heal yourself by infusing magical energy.
You passively map a small area around you.
You do not regenerate.


Message History

Unknown command.
Firing (i - inventory): No suitable missiles.
Press: ? - help, Shift-Dir - straight line, f/p - centaur zombie
Aim: a centaur zombie (moderately damaged)
Okay, then.
Unknown command.
Firing (i - inventory): No suitable missiles.
Press: ? - help, Shift-Dir - straight line, f/p - centaur zombie
Aim: a centaur zombie (moderately damaged)
Okay, then.
The centaur zombie hits you.
* * * LOW HITPOINT WARNING * * *
The centaur zombie hits you but does no damage.
The centaur zombie hits you.
* * * LOW HITPOINT WARNING * * *
You see here a bolt.
y - a bolt The centaur zombie hits you.
You die...
Your body crumbles into a pile of gold.

..#, , #.Z.# (.# * *
,,#...# .$# , *#...#
..# #...# ..# ,
#..... #...# ..#
#.... #...# ..# *
##.(.. , #...# Z.# ,
..(. , #...# ..#
#.(# #@..# ..# ,
#..# ,#Z..# Z.# ,
#..# ,, #Z..#
.Z######(.######Z..#
.......((.(..Z.....#
.......8..8........#
...................#
...................#
####################


You could see 2 hobgoblin zombies and a centaur zombie.

Vanquished Creatures
  2 ogres (D:4)
  2 mummies (Ossuary)
  4 adders
  A dart slug (D:1)
  2 leopard geckos (D:3)
  3 giant cockroaches
  A goblin (D:1)
  3 hobgoblins
  A bat (D:3)
  2 frilled lizards
  10 hobgoblin zombies (Ossuary)
  3 kobolds
  7 kobold zombies (Ossuary)
  6 orc zombies (Ossuary)
  2 rats (D:3)
49 creatures vanquished.

Notes
Turn   | Place    | Note
-------+----------+-------------------------------------------
     0 | D:1      | letownia2 the Deep Dwarf Necromancer began the quest for the Orb.
     0 | D:1      | Reached XP level 1. HP: 15/15 MP: 3/3
   216 | D:1      | Reached XP level 2. HP: 22/22 MP: 3/5
   340 | D:2      | Noticed Sigmund
   489 | D:3      | Reached skill level 5 in Necromancy
   615 | D:3      | Noticed kalagan's ghost (amateur DEFE)
   654 | D:3      | HP: 1/22 [kalagan's ghost/puff of flame (6)]
   942 | D:3      | Reached XP level 3. HP: 1/28 MP: 3/6
   958 | D:3      | Learned a level 3 spell: Vampiric Draining
  1383 | D:4      | Found a staircase to the Ecumenical Temple.
  1384 | D:4      | Noticed an ogre
  1394 | D:4      | Killed an ogre
  1394 | D:4      | Reached skill level 6 in Necromancy
  1394 | D:4      | Reached XP level 4. HP: 10/36 MP: 1/7
  1394 | D:4      | Reached XP level 5. HP: 12/42 MP: 1/8
  1402 | D:4      | Noticed an ogre
  1406 | Temple   | Entered the Ecumenical Temple
  1432 | Temple   | Became a worshipper of Gozag Ym Sagoz the Greedy
  1471 | D:4      | Killed an ogre
  1471 | D:4      | Reached skill level 7 in Necromancy
  1544 | D:4      | Found a sand-covered staircase.
  1621 | Ossuary  | Entered an ossuary
  1917 | Ossuary  | Reached skill level 1 in Fighting
  2049 | Ossuary  | Slain by a centaur zombie

Skill      XL: |  1  2  3  4  5 |
---------------+----------------+-----
Spellcasting   | 2 |  2.1
Necromancy     | 5 6 7 |  7.5
Fighting       | 1 |  1.0
Crossbows      | |  0.9
Dodging        | |  2.1
Stealth        | |  2.4

Action                   |  1- 3 |  4- 6 || total
-------------------------+-------+-------++-------
Melee: Unarmed           |     7 |       ||     7
       Dagger            |     4 |    20 ||    24
       War axe           |       |    17 ||    17
 Fire: Hand crossbow     |     2 |    51 ||    53
 Cast: Pain              |    38 |       ||    38
       Vampiric Draining |     4 |     3 ||     7
 Stab: Sleeping          |     1 |       ||     1
       Distracted        |       |     1 ||     1
  Eat: Chunk             |     1 |       ||     1
       Meat ration       |       |     1 ||     1
Armor: Ring mail         |     7 |    19 ||    26
       Robe              |     1 |       ||     1
Dodge: Dodged            |    17 |    37 ||    54
